 Dungeon Crawl Stone Soup version 0.19.1 (webtiles) character file.

128 nikopol the Skirmisher (level 5, 0/49 HPs)
             Began as a Gargoyle Berserker on Dec 18, 2016.
             Was a Believer of Trog.
             Slain by a gnoll
             ... wielding a +0 whip
              (2 damage)
             ... on level 3 of the Dungeon.
             The game lasted 00:03:37 (2012 turns).

nikopol the Skirmisher (Gargoyle Berserker)         Turns: 2012, Time: 00:03:38

Health: 0/49       AC:  9    Str: 26    XL:     5   Next: 11%
Magic:  5/5        EV: 11    Int: 13    God:    Trog [**....]
Gold:   147        SH:  0    Dex: 10    Spells: 0 memorised, 4 levels left

rFire  . . .     SeeInvis .     a - +0 hand axe
rCold  . . .     Gourm    .     d - +0 scale mail
rNeg   + . .     Faith    .     (no shield)
rPois  ∞         Spirit   .     (no helmet)
rElec  +         Reflect  .     (no cloak)
rCorr  .         Harm     .     f - +0 pair of gloves
MR     .....                    (no boots)
Stlth  ..........               (no amulet)
                                o - -3 ring of protection (curse)
                                j - +6 ring of intelligence

@: berserking, very quick
A: negative energy resistance 1, electricity resistance, unbreathing,
petrification resistance, rot immunity, AC +4
a: Berserk, Trog's Hand, Burn Spellbooks, Renounce Religion


You were on level 3 of the Dungeon.
You worshipped Trog.
Trog was pleased with you.
You were near starving.

You visited 1 branch of the dungeon, and saw 3 of its levels.

You collected 147 gold pieces.

Inventory:

Hand Weapons
 a - a +0 hand axe (weapon)
Missiles
 m - 37 arrows (quivered)
Armour
 b - a +0 animal skin
 d - a +0 scale mail (worn)
 f - a +0 pair of gloves (worn)
Jewellery
 j - a +6 ring of intelligence (left hand)
 l - an uncursed ring of protection from magic {unknown}
 o - a cursed -3 ring of protection (right hand)
Scrolls
 e - a scroll of fear {unknown}
 g - 3 scrolls of identify {unknown}
 k - a scroll of fog {unknown}
 p - a scroll of blinking {unknown}
 r - a scroll of noise {unknown}
 t - 2 scrolls of enchant weapon {unknown}
 v - a scroll of teleportation {unknown}
Potions
 h - a potion of haste {unknown}
 n - a potion of heal wounds {unknown}
 q - a potion of resistance {unknown}
 s - a potion of agility {unknown}
Comestibles
 c - 6 bread rations
 i - 4 fruits


   Skills:
 + Level 4.2 Fighting
 + Level 3.4 Axes
 + Level 3.4 Armour
 + Level 2.3 Dodging


You had 4 spell levels left.
You didn't know any spells.

Dungeon Overview and Level Annotations

Branches:
Dungeon (3/15)

Altars:


Innate Abilities, Weirdness & Mutations

You are resistant to torment.
Your stone body is resilient. (AC +4)
You are immune to poison.
You resist negative energy. (rN+)
You are resistant to electric shocks. (rElec)
You can survive without breathing.
You are immune to petrification.
You are immune to rotting.


Message History

The gnoll is moderately wounded.
Your scale mail prevents you from hitting the gnoll.
The gnoll barely misses you. x2
Your scale mail prevents you from hitting the gnoll.
The gnoll is moderately wounded.
You hit the gnoll. The gnoll hits you with a whip.
The gnoll hits you with a flail!
* * * LOW HITPOINT WARNING * * *
The gnoll hits you with a whip.
* * * LOW HITPOINT WARNING * * *
You are too injured to fight recklessly!
You are too injured to fight recklessly!
You are too injured to fight recklessly!
A red film seems to cover your vision as you go berserk!
You feel yourself moving faster!
You feel mighty!
You are near starving!
The gnoll barely misses you. The gnoll hits you with a flail.
* * * LOW HITPOINT WARNING * * *
The gnoll hits you with a whip.
You die...

#.#......#.####### #.......
#.#.######.##....# #..###..
#..........##....####### #..#####
#.#.#####..##..........# #..[....
###.#####..###.........####.#####
.......##...................#....
..#.##.................######.###
...)##.........g.......##.....#
#...##........gg@......##.....#
....##..............(..##.....#
.......................##.....###
..........####..................#
##........# #.#...####.........#
.......#### #.#...####.........#
####.#########.#.###............#
#.......>...#.###.............
################................#


You could see 3 gnolls.

Vanquished Creatures
  4 gnolls
  3 adders (D:3)
  An ooze (D:2)
  A leopard gecko (D:2)
  2 giant cockroaches
  14 hobgoblins
  4 jackals
  A quokka (D:2)
  6 bats
  5 frilled lizards
  6 goblins
  4 kobolds
  7 rats
58 creatures vanquished.

Notes
Turn   | Place    | Note
-------+----------+-------------------------------------------
     0 | D:1      | nikopol the Gargoyle Berserker began the quest for the Orb.
     0 | D:1      | Reached XP level 1. HP: 14/14 MP: 1/1
    78 | D:1      | Reached XP level 2. HP: 16/19 MP: 2/2
   347 | D:1      | Reached XP level 3. HP: 20/24 MP: 3/3
   487 | D:1      | Reached ** piety under Trog
   546 | D:2      | Reached skill level 4 in Fighting
   788 | D:2      | Reached XP level 4. HP: 25/29 MP: 4/4
  1576 | D:3      | Reached XP level 5. HP: 30/33 MP: 5/5
  2012 | D:3      | HP: 2/49 [gnoll/flail (2)]
  2012 | D:3      | Slain by a gnoll

Skill      XL: |  1  2  3  4 |
---------------+-------------+-----
Dodging        | 2 |  2.3
Axes           | 3 |  3.4
Fighting       | 4 |  4.2
Armour         | 3 |  3.4

Action                   |  1- 3 |  4- 6 || total
-------------------------+-------+-------++-------
Melee: Hand axe          |   114 |    63 ||   177
Invok: Berserk           |       |     2 ||     2
  Eat: Chunk             |       |     4 ||     4
Armor: Scale mail        |    73 |    24 ||    97
Dodge: Dodged            |    90 |    43 ||   133
